 Dungeon Crawl Stone Soup version 0.30-a0-6-g7c9e10e132 (webtiles) character file.

Game seed: 9286204792759581556

88 SensoryNuts the Trooper (level 4, -2/41 HPs)
             Began as a Hill Orc Fighter on Aug 22, 2022.
             Was an Initiate of Beogh.
             Killed by divine providence
             ... invoked by an orc priest
              (11 damage)
             ... on level 3 of the Dungeon.
             The game lasted 00:02:46 (2401 turns).

SensoryNuts the Trooper (Hill Orc Fighter)          Turns: 2401, Time: 00:02:46

Health: -2/41      AC:  7    Str: 20    XL:     4   Next: 54%
Magic:  4/4        EV:  9    Int:  8    God:    Beogh [......]
Gold:   181        SH:  4    Dex: 10    Spells: 3/3 levels left

rFire   + . .      SeeInvis .    a - +0 war axe
rCold   + . .      Faith    .    c - +0 buckler
rNeg    . . .      Spirit   .    b - +0 scale mail
rPois   +          Reflect  .    (no helmet)
rElec   +          Harm     .    (no cloak)
rCorr   +          Rampage  .    (no gloves)
Will    .....                    (no boots)
Stlth   ..........               (no amulet)
HPRegen 0.13/turn                (no ring)
MPRegen 0.09/turn                (no ring)

@: mighty, brilliant, resistant
A: no striking features
a: Renounce Religion


You were on level 3 of the Dungeon.
You worshipped Beogh.
Beogh was noncommittal.
You visited 1 branch of the dungeon, and saw 3 of its levels.

You collected 181 gold pieces.

Inventory:

Hand Weapons
 a - a +0 war axe (weapon)
Armour
 b - a +0 scale mail (worn)
 c - a +0 buckler (worn)
 p - a +0 cloak
Jewellery
 f - a ring of magical power
Scrolls
 g - a scroll of acquirement {unknown}
 o - 2 scrolls of teleportation
Potions
 n - a potion of flight {unknown}
 r - a potion of lignification {unknown}


   Skills:
 + Level 4.5 Fighting
 + Level 4.0 Axes
 + Level 3.9 Armour
 + Level 0.1 Dodging
 + Level 3.8 Shields


You had 3 spell levels left.
You didn't know any spells.
Your spell library contained the following spells:

 Spells                   Type           Power      Damage    Failure   Level
 Magic Dart               Conj           0%         1d3       85%         1
 Sticky Flame             Conj/Fire      0%         2d3       100%        4
 Iskenderun's Battlesphe  Conj           0%         2d6       100%        5
 Starburst                Conj/Fire      0%         6d3       100%        6


Dungeon Overview and Level Annotations

Branches:
Dungeon (3/15)

Altars:
Hepliaklqana


Message History

The orc sings a few bars from the Orcish anthem.
The orc attacks as you move away! The orc barely misses you.
You feel very mighty all of a sudden. The orc hits you but does no damage.
It was a potion of resistance.
You feel protected. You block the orc's attack.
It was a potion of brilliance.
You feel clever all of a sudden. The orc hits you with a +0 club.
The orc priest mumbles some strange prayers to Beogh against you.
Beogh smites you!
* * * LOW HITPOINT WARNING * * *
It was a potion of ambrosia.
You are confused.
You feel invigorated. The orc closely misses you.
It was a potion of curing.
You feel better.
You feel less invigorated. The orc hits you but does no damage.
You hit the orc.
The orc is heavily wounded.
The orc barely misses you. You block the orc's attack.
You completely miss the orc.
The orc is heavily wounded.
The orc hits you but does no damage.
You slice the orc!!
You kill the orc!
Beogh accepts your kill.
The orc priest invokes the aid of Beogh against you.
Beogh smites you!
* * * LOW HITPOINT WARNING * * *
You slash the orc!
You kill the orc!
Beogh accepts your kill.
Your Axes skill increases to level 4!
You barely miss the orc. The orc closely misses you.
You closely miss the orc.
The orc priest mumbles some strange prayers to Beogh against you.
Beogh smites you!
You die...
Beogh appreciates the orc priest's killing of a heretic priest.

#....###.## #....###..#
####..###.#####
#..........# ##.###.###.#
#
############.......##.#.#
..............###..#..#.#
#############.......#.#.##
#...ooo@.......#........
#....#########..........
#....o...... ##.##[.#.#.
#...o.~...~. #.##..#.#
+............o#.##..#.##
#............o#.....#...
#$..........oo#.#.#.....
##+#..~...~. #.#.......
#........ #.#.......


You could see 2 orc priests and an orc.

Vanquished Creatures
  An adder (D:3)
  A gnoll (D:2)
  A worm (D:2)
  5 orcs (D:3)
  10 ball pythons
  5 bats
  5 endoplasms
  5 giant cockroaches
  3 hobgoblins
  A jackal (D:2)
  A quokka (D:2)
  6 frilled lizards
  7 goblins
  3 kobolds
  7 rats
61 creatures vanquished.

Vanquished Creatures (others)
  A kobold (D:3)
1 creature vanquished.

Grand Total: 62 creatures vanquished

Notes
Turn   | Place    | Note
-------+----------+-------------------------------------------
     0 | D:1      | SensoryNuts the Hill Orc Fighter began the quest for the
                  | Orb.
     0 | D:1      | Reached XP level 1. HP: 19/19 MP: 1/1
   384 | D:1      | Reached XP level 2. HP: 23/27 MP: 2/2
   861 | D:1      | Reached XP level 3. HP: 27/33 MP: 3/3
  1197 | D:2      | Got the Codex of Battle Magic
  1201 | D:2      | Found a hazy altar of Hepliaklqana.
  1517 | D:2      | Reached XP level 4. HP: 25/40 MP: 4/4
  1777 | D:2      | Found a faded altar of an unknown god.
  2246 | D:3      | Became a worshipper of Beogh the Brigand
  2401 | D:3      | Killed from afar by an orc priest

Illustrated notes

Levels and vault maps discovered:
D:1:      onia_arrival_handbag, layout_loops_ring, chequers_avenue,
          chequers_serial_rivers_micro_d
D:2:      minmay_diamond_boxcup, layout_rooms, basic_altar,
          shapermc_ecumenical_altar_mp_highgroup, kennysheep_generic_room_6
D:3:      cheibrodos_pilgrimage, layout_basic, hellmonk_ghost_happy_afterlife,
          minivault_11

Skill      XL: |  1  2  3  4 |
---------------+-------------+-----
Axes           | 3 4 |  4.0
Fighting       | 4 |  4.5
Armour         | |  3.9
Dodging        | |  0.1
Shields        | |  3.8

Action                   |  1- 3 |  4- 6 || total
-------------------------+-------+-------++-------
Melee: War axe           |   106 |    44 ||   150
Invok: Convert to Beogh  |       |     1 ||     1
  Use: Scroll            |       |     5 ||     5
       Potion            |       |     5 ||     5
Armor: Scale mail        |    62 |    24 ||    86
Dodge: Dodged            |    41 |    19 ||    60
Block: Buckler           |    35 |     9 ||    44

Table legend: (Time is in decaauts)
 A = Elapsed time spent in this place.
 B = Non-inter-level travel time spent in this place.
 C = Inter-level travel time spent in this place.
 D = Time resting spent in this place.
 E = Time spent auto-exploring this place.
 F = Levels seen in this place.
 G = Mean time per level.
                   A        B        C        D        E       F      G
               +--------+--------+--------+--------+--------+-----+--------+
         Total |   2455 |   2371 |     84 |    139 |   1760 |   3 |  818.3 |
       Dungeon |   2455 |   2371 |     84 |    139 |   1760 |   3 |  818.3 |
               +--------+--------+--------+--------+--------+-----+--------+

Top non-repeatable levels by time:
     D:1: 1120 daAuts
     D:2: 1055 daAuts
     D:3: 279 daAuts
